 Dungeon Sprint DCSS version 0.19-a0-860-g5c370dd (webtiles) character file.

1626 LORDOFBUTT the Fighter (level 8, -8/76 HPs)
             Began as a Demonspawn Berserker on July 3, 2016.
             Was a High Priest of Trog.
             Killed by divine providence
             ... invoked by a meliai
              (10 damage)
             ... in the Dungeon (Sprint IX: "|||||||||||||||||||||||||||||").
             The game lasted 00:01:53 (616 turns).

LORDOFBUTT the Fighter (Demonspawn Berserker)        Turns: 616, Time: 00:01:54

Health: -8/76      AC:  5    Str: 17    XL:     8   Next: 65%
Magic:  8/8        EV: 17    Int: 10    God:    Trog [*****.]
Gold:   0          SH:  0    Dex: 14    Spells: 0 memorised, 7 levels left

rFire  . . .     SeeInvis .       - Unarmed
rCold  . . .     Gourm    .     b - +0 animal skin
rNeg   . . .     Faith    .     (no shield)
rPois  .         Spirit   .     (no helmet)
rElec  .         Dismiss  .     (no cloak)
rCorr  .         Reflect  .     (no gloves)
SustAt .         Harm     .     (no boots)
MR     .....     NoTele   +     (no amulet)
Stlth  +.........               (no ring)
                                (no ring)

@: exhausted, slowed, very slow, not resistant to hostile enchantments, very
unstealthy
A: claws 1, molten scales 2, spiny 2
a: Berserk, Trog's Hand, Brothers in Arms, Burn Spellbooks, Renounce Religion


You were in the Dungeon.
You worshipped Trog.
Trog was extremely pleased with you.
You were not hungry.

You visited 1 branch

Inventory:

Hand Weapons
 a - a +0 mace
 o - a +2 morningstar of freezing
Armour
 b - a +0 animal skin (worn)
Jewellery
 m - a +3 ring of intelligence
 n - a +2 ring of protection
Wands
 l - a wand of acid (7/15)
Scrolls
 i - 2 scrolls of blinking
 k - 3 scrolls of remove curse
Potions
 d - 5 potions of curing
 e - 3 potions of heal wounds
 f - a potion of haste
 g - 4 potions of magic
 h - a potion of berserk rage
 j - a potion of invisibility


   Skills:
 + Level 11.7 Fighting
 - Level 6.0 Maces & Flails
 + Level 4.6 Armour
 + Level 9.3 Dodging
 * Level 8.9 Unarmed Combat


You had 7 spell levels left.
You didn't know any spells.

Dungeon Overview and Level Annotations

Branches:
Dungeon (1/1)

Altars:
Cheibriados
Dithmenos
Elyvilon
Fedhas
Gozag
Hepliaklqana
Kikubaaqudgha
Makhleb
Nemelex Xobeh
Okawaru
Pakellas
Qazlal
Ru
Sif Muna
Trog
Uskayaw
Vehumet
Xom
Yredelemnul
Zin
The Shining One
Beogh
Jiyva
Lugonu


Innate Abilities, Weirdness & Mutations

You have sharp fingernails.
You are mostly covered in molten scales. (AC +3, EV -1)
You are mostly covered in sharp spines.


Message History

* * * LOW HITPOINT WARNING * * *
You mangle the manticore!!
You kill the manticore!
Trog accepts your kill.
Your Dodging skill increases to level 9!
You are no longer berserk.
You are exhausted.
You feel yourself slow down.
The meliai calls down the wrath of its god upon you.
Something smites you!
* * * LOW HITPOINT WARNING * * *
You fail to use your ability.
The gargoyle hits you with an enchanted morningstar!
* * * LOW HITPOINT WARNING * * *
Your ogre goes berserk!
You feel quite a bit more hungry. The gargoyle is struck by your spines.
The gargoyle barely misses you.
The meliai calls down the wrath of its god upon you.
Something smites you!
You die... ▓▓▓▓▓▓▓▓▓▓▓▓▓▓▓▓▓▓▓▓▓▓▓▓▓ +...oy)9@O.)).(..[[[)|?.' ▓▓▓▓▓▓▓▓▓▓▓▓▓▓▓▓▓▓▓▓▓▓▓▓▓

You could see a gargoyle, a meliai, an orc and a friendly ogre (berserk).

Vanquished Creatures
  A centaur warrior (D)
  A manticore (D)
  A slime creature (D)
  2 ogres (D)
  A centaur (D)
  A scorpion (D)
  A crimson imp (D)
  A hound (D)
  A worker ant (D)
  A shadow imp (D)
  An adder skeleton (D)
  A bat skeleton (D)
  A goblin (D)
  A hobgoblin (D)
  A jackal (D)
  A bat (D)
  A giant gecko zombie (D)
  A rat (D)
19 creatures vanquished.

Notes
Turn   | Place    | Note
-------+----------+-------------------------------------------
     0 | D        | LORDOFBUTT the Demonspawn Berserker began the quest for the Orb.
     0 | D        | Reached XP level 1. HP: 18/18 MP: 1/1
     9 | D        | Reached ** piety under Trog
   161 | D        | Noticed an ogre
   161 | D        | Noticed a hound
   169 | D        | Killed a hound
   169 | D        | Reached *** piety under Trog
   169 | D        | Reached skill level 4 in Fighting
   169 | D        | Gained mutation: You have sharp fingernails. [demonic ancestry]
   169 | D        | Reached XP level 2. HP: 26/26 MP: 2/2
   169 | D        | Gained mutation: You are partially covered in molten scales. (AC +1) [demonic ancestry]
   169 | D        | Reached XP level 3. HP: 32/32 MP: 3/3
   173 | D        | Reached skill level 5 in Fighting
   177 | D        | Killed an ogre
   177 | D        | Reached skill level 6 in Fighting
   177 | D        | Reached skill level 5 in Maces & Flails
   177 | D        | Reached XP level 4. HP: 41/41 MP: 4/4
   227 | D        | Found a glowing silver altar of Zin.
   227 | D        | Found a glowing golden altar of the Shining One.
   227 | D        | Found an ancient bone altar of Kikubaaqudgha.
   227 | D        | Found a basalt altar of Yredelemnul.
   227 | D        | Found a shimmering altar of Xom.
   227 | D        | Found a radiant altar of Vehumet.
   228 | D        | Found an iron altar of Okawaru.
   229 | D        | Found a burning altar of Makhleb.
   230 | D        | Found a deep blue altar of Sif Muna.
   231 | D        | Found a bloodstained altar of Trog.
   232 | D        | Found a sparkling altar of Nemelex Xobeh.
   233 | D        | Found a white marble altar of Elyvilon.
   234 | D        | Found a roughly hewn altar of Beogh.
   235 | D        | Found a viscous altar of Jiyva.
   236 | D        | Found a corrupted altar of Lugonu.
   237 | D        | Found a blossoming altar of Fedhas.
   238 | D        | Found a snail-covered altar of Cheibriados.
   239 | D        | Found a shadowy altar of Dithmenos.
   240 | D        | Found a stormy altar of Qazlal.
   241 | D        | Found an opulent altar of Gozag.
   242 | D        | Found a sacrificial altar of Ru.
   243 | D        | Found an oddly glowing altar of Pakellas.
   244 | D        | Found a hide-covered altar of Uskayaw.
   245 | D        | Found a hazy altar of Hepliaklqana.
   286 | D        | Noticed an ogre
   286 | D        | Noticed a centaur
   292 | D        | Reached skill level 7 in Fighting
   292 | D        | Reached skill level 1 in Unarmed Combat
   292 | D        | Gained mutation: You are partially covered in sharp spines. [demonic ancestry]
   292 | D        | Reached XP level 5. HP: 48/48 MP: 5/5
   296 | D        | Killed a centaur
   296 | D        | Reached **** piety under Trog
   296 | D        | Reached skill level 8 in Fighting
   296 | D        | Reached skill level 5 in Dodging
   301 | D        | Gained mutation: You are mostly covered in sharp spines. [demonic ancestry]
   301 | D        | Reached XP level 6. HP: 46/56 MP: 6/6
   312 | D        | Reached skill level 9 in Fighting
   595 | D        | Noticed a meliai
   595 | D        | Noticed a gargoyle
   595 | D        | Noticed a manticore
   595 | D        | Noticed a centaur warrior
   595 | D        | Noticed a slime creature
   601 | D        | Killed a slime creature
   601 | D        | Reached ***** piety under Trog
   601 | D        | Reached skill level 5 in Unarmed Combat
   601 | D        | Reached XP level 7. HP: 65/65 MP: 7/7
   608 | D        | Killed a centaur warrior
   608 | D        | Reached skill level 11 in Fighting
   608 | D        | Gained mutation: You are mostly covered in molten scales. (AC +3, EV -1) [demonic ancestry]
   608 | D        | Reached XP level 8. HP: 65/75 MP: 8/8
   613 | D        | Killed a manticore
   614 | D        | HP: 2/76 [gargoyle/enchanted morningstar (9)]
   616 | D        | Killed from afar by a meliai

Vault maps used:
D:        linesprint

Skill      XL: |  1  2  3  4  5  6  7  8 |
---------------+-------------------------+-----
Dodging        | 3 4 5 7 8 9 |  9.3
Armour         | 2 3 4 |  4.6
Maces & Flails | 4 5 6 |  6.0
Fighting       | 4 6 7 8 9 11 | 11.7
Unarmed Combat | 1 3 5 8 |  8.9

Action                   |  1- 3 |  4- 6 |  7- 9 || total
-------------------------+-------+-------+-------++-------
Melee: Mace              |    28 |     5 |       ||    33
       Unarmed           |       |    27 |    11 ||    38
       Punch             |       |     1 |       ||     1
Invok: Berserk           |     1 |     2 |       ||     3
       Brothers in Arms  |       |       |     1 ||     1
  Eat: Bread ration      |       |     1 |       ||     1
Armor: Animal skin       |       |     6 |     1 ||     7
Dodge: Dodged            |    17 |    18 |     5 ||    40
